AoeStats
← jphilkill

African Clearing

505605327Analyzed
4v4 RM · 23d ago on Sep 10, 2026· 28m 27s· 8 players
Game mode
Random Map
Map size
Large (8 player)
Population
200
Speed
Normal
Resources
Standard
Victory
Conquest
Starting age
Dark Age
Ending age
Imperial Age
RankedLock teamsTeams togetherTeam positionsShared explorationLock speedFull tech treeHidden civsTurbo modeCheats
Victory
Defeat
🇨🇳 Magyars · China
995
+13
🇨🇳 Huns · China
992
+14
🇨🇳 Vietnamese · China
978
+14
🇨🇳 Khmer · China
949
+15
🇦🇺 Teutons · Australia
982
-15
🇩🇪 Huns · Germany
981
-16
🇮🇪 Spanish · Ireland
902
-13
🇮🇳 Mongols · India
886
-21
加加
12:57 Feudal Age
20:24 Castle Age
18:44 Double-Bit Axe
22:05 Forging
q721372930
3:50 Loom
15:18 Feudal Age
19:19 Castle Age
17:29 Double-Bit Axe
17:27 Horse Collar
17:54 Scale Barding Armor
18:53 Forging
20:51 Gold Mining
23:08 Bloodlines
24:41 Husbandry
26:05 Fletching
ZAK
16:42 Feudal Age
22:13 Castle Age
20:55 Horse Collar
21:12 Double-Bit Axe
25:50 Wheelbarrow
jphilkill
4:19 Loom
14:37 Feudal Age
19:32 Castle Age
thinker
5:18 Loom
14:27 Feudal Age
18:54 Castle Age
17:15 Horse Collar
17:30 Double-Bit Axe
20:45 Scale Barding Armor
20:51 Forging
20:39 Stone Mining
22:24 Bloodlines
22:58 Gold Mining
27:56 Stone Shaft Mining
28:32 Husbandry
Eleven
12:07 Loom
16:51 Feudal Age
喧哗的都已沙哑
5:24 Loom
16:47 Feudal Age
21:04 Castle Age
19:06 Double-Bit Axe
20:34 Scale Barding Armor
20:40 Forging
20:43 Bloodlines
22:09 Wheelbarrow
22:02 Husbandry
22:24 Chain Barding Armor
23:05 Marauders
24:22 Iron Casting
25:20 Horse Collar
女生言午
5:05 Loom
14:47 Feudal Age
17:13 Bloodlines
19:08 Castle Age
17:21 Scale Barding Armor
17:37 Double-Bit Axe
20:38 Bloodlines
20:29 Husbandry
21:01 Horse Collar
24:58 Wheelbarrow
25:39 Heavy Plow
25:52 Bow Saw
27:09 Hand Cart
27:55 Gold Mining
Connection lost

Rejoining the realm…

Still unreachable

The connection could not be restored.

Session expired

The server has moved on; the page needs a fresh start.